AoeStats
← GORGORY

Arena

506253307Analyzed
1v1 RM · 21d ago on Sep 12, 2026· 44m 19s· 2 players
Game mode
Random Map
Map size
Tiny (2 player)
Population
200
Speed
Normal
Resources
Standard
Victory
Conquest
Starting age
Dark Age
Ending age
Imperial Age
RankedLock teamsTeams togetherTeam positionsShared explorationLock speedFull tech treeHidden civsTurbo modeCheats
Victory
Defeat
🇦🇷 Turks · Argentina
984
+16
🇩🇪 Burgundians · Germany
977
-16
helo
5:12 Loom
8:36 Wheelbarrow
9:14 Horse Collar
10:18 Double-Bit Axe
12:48 Feudal Age
17:17 Castle Age
19:38 Bow Saw
20:19 Scale Barding Armor
21:15 Light Cavalry
23:28 Gold Mining
24:51 Hand Cart
25:12 Cavalier
27:36 Two-Man Saw
27:15 Gold Shaft Mining
26:44 Husbandry
28:57 Heavy Plow
29:58 Stone Mining
30:52 Crop Rotation
31:26 Masonry
31:00 Treadmill Crane
31:41 Ballistics
33:39 Chain Barding Armor
33:30 Forging
36:48 Imperial Age
36:51 Fortified Wall
36:37 Murder Holes
36:38 Fletching
38:53 Chemistry
37:50 Murder Holes
37:23 Paladin
GORGORY
6:33 Loom
9:06 Feudal Age
9:34 Double-Bit Axe
9:31 Horse Collar
13:40 Wheelbarrow
17:42 Castle Age
16:24 Stone Mining
16:48 Gold Mining
21:23 Fervor
21:19 Town Watch
25:45 Heavy Plow
26:03 Bow Saw
26:20 Sanctity
27:30 Ballistics
27:06 Murder Holes
27:06 Fletching
27:16 Padded Archer Armor
28:21 Bloodlines
28:13 Husbandry
29:31 Hand Cart
29:53 Leather Archer Armor
30:39 Scale Barding Armor
33:59 Imperial Age
33:21 Town Patrol
35:16 Gold Shaft Mining
35:12 Chain Barding Armor
35:03 Forging
36:02 Conscription
37:01 Two-Man Saw
37:13 Elite Janissary
37:25 Heavy Camel Rider
40:39 Plate Barding Armor
Connection lost

Rejoining the realm…

Still unreachable

The connection could not be restored.

Session expired

The server has moved on; the page needs a fresh start.